 Dungeon Sprint DCSS version 0.26-a0-737-g4e9f4955e2 (webtiles) character file.

Game seed: 5857918788010666599

2016 sahdkjhfkaj the Fencer (level 9, 80/80 HPs)
             Began as a Minotaur Monk on Nov 4, 2020.
             Was a Believer of Hepliaklqana.
             Quit the game in the Dungeon (Sprint V: "Ziggurat Sprint").
             The game lasted 00:01:30 (469 turns).

sahdkjhfkaj the Fencer (Minotaur Monk)               Turns: 469, Time: 00:01:30

Health: 80/80      AC: 22    Str: 32    XL:     9   Next: 3%
Magic:  8/8        EV:  3    Int:  7    God:    Hepliaklqana [**....]
Gold:   0          SH: 26    Dex: 12    Spells: 8/8 levels left

rFire    + . .     SeeInvis .   F - +7 Singing Sword {vorpal, sonic wave}
rCold    + . .     Faith    .   E - +18 shield of the Gong {rElec rN+ MR+ EV-5}
rNeg     + . .     Spirit   .   a - +5 gold dragon scales
rPois    +         Reflect  .   (helmet restricted)
rElec    +         Harm     .   (no cloak)
rCorr    .         Rampage  .   (no gloves)
MR       +....     NoTele   +   (no boots)
Stlth    ..........             (no amulet)
HPRegen  0.23/turn              z - +6 ring of strength
MPRegen  0.11/turn              A - +6 ring of strength

@: no status effects
A: retaliatory headbutt, reduced essence, horns 2
a: Recall Ancestor, Ancestor Identity, Renounce Religion


You were in the Dungeon.
You worshipped Hepliaklqana.
Hepliaklqana was pleased with you.
You visited 1 branch

Inventory:

Hand Weapons
 F - the +7 Singing Sword (weapon) {vorpal, sonic wave}
   (You found it in the Dungeon)

   It inflicts extra damage upon your enemies.
Armour
 a - +5 gold dragon scales (worn)
 E - the +18 shield of the Gong (worn) {rElec rN+ MR+ EV-5}
   (You found it in the Dungeon)

   It affects your evasion (-5).
   It insulates you from electricity.
   It protects you from negative energy.
   It affects your resistance to hostile enchantments.
Jewellery
 u - an uncursed ring of flight
 v - a +6 ring of dexterity
 w - a +6 ring of dexterity
 x - a +6 ring of intelligence
 y - a +6 ring of intelligence
 z - a +6 ring of strength (left hand)
 A - a +6 ring of strength (right hand)
Wands
 B - a wand of disintegration (7)
 C - a wand of iceblast (7)
 D - a wand of acid (7)
Scrolls
 h - 4 scrolls of blinking {!r}
 o - 4 scrolls of amnesia {!r}
 p - 7 scrolls of fog {!r}
 q - a scroll of holy word {!r}
 r - 5 scrolls of identify {!r}
 s - 5 scrolls of remove curse {!r}
 t - 2 scrolls of fear {!r}
Potions
 c - 10 potions of curing {!q}
 d - 10 potions of heal wounds {!q}
 e - 6 potions of haste {!q}
 f - 7 potions of magic {!q}
 g - 3 potions of berserk rage {!q}
 i - 2 potions of brilliance {!q}
 j - 2 potions of invisibility {!q}
 k - 4 potions of resistance {!q}
 l - a potion of experience {!q}
 m - 5 potions of stabbing {!q}
 n - 5 potions of might {!q}
Miscellaneous
 b - a lightning rod (4/4)


   Skills:
 + Level 11.4 Fighting
 * Level 15.0 Long Blades
 + Level 10.8 Armour
 + Level 10.5 Dodging
 - Level 1.5 Stealth


You had 8 spell levels left.
You didn't know any spells.
Your spell library was empty.

Dungeon Overview and Level Annotations

Branches:
Dungeon (1/1)

Altars:
Ashenzari
Cheibriados
Dithmenos
Elyvilon
Fedhas
Gozag
Hepliaklqana
Kikubaaqudgha
Makhleb
Nemelex Xobeh
Okawaru
Qazlal
Ru
Sif Muna
Trog
Uskayaw
Vehumet
Wu Jian
Xom
Yredelemnul
Zin
The Shining One
Beogh
Jiyva
Lugonu

Annotations:
D 1 transporter


Innate Abilities, Weirdness & Mutations

You reflexively headbutt those who attack you in melee.
You have a pair of horns on your head.
Your life essence is reduced to manifest your ancestor. (-10% HP)


Message History

Press: ? - help, v - describe, . - travel
Here: Steven the hexer, wielding a +0 dagger of draining (heavily damaged, friendly)
The floor.
Unknown command.
You start resting.
The ice encasing you melts away.
Ancestor HP restored.
You start resting.
HP restored.
Press: ? - help, v - describe, . - travel
Here: Steven the hexer, wielding a +0 dagger of draining (friendly)
The floor.
Unknown command.
Drop what? 32/52 slots (_ for help) (? for menu, Esc to quit)
Okay, then.
Unknown command.
You see here a +2 rapier of freezing.
You see here the +6 quarterstaff of Foyjoic {vorpal, Int+3}.
There is a transporter here.
Are you sure you want to abandon this character and quit the game? (Confirm with "yes".)

▓▓▓▓▓▓▓▓▓▓▓▓▓▓▓▓▓▓▓
▓.8@8.▓.8©8.▓.8©8.▓
▓.)R).▓.:)=.▓.....▓
▓..)..▓.....▓.).[.▓
▓...†.▓.....▓.††..▓
▓.....▓..)..▓.....▓
▓.....▓.....▓..©..▓
▓..©..▓..©..▓▓▓▓▓▓▓
▓▓▓▓▓▓▓▓▓▓▓▓▓


You could see the friendly Steven the hexer.

Vanquished Creatures
  A dancing weapon (D)
  A salamander (shapeshifter) (D)
  2 rime drakes (D)
  A jumping spider (D)
  A water elemental (D)
  2 steam dragons (D)
  A scorpion (D)
  A hexer (D)
10 creatures vanquished.

Notes
Turn   | Place    | Note
-------+----------+-------------------------------------------
     0 | D        | sahdkjhfkaj the Minotaur Monk began the quest for the Orb.
     0 | D        | Reached XP level 1. HP: 19/19 MP: 0/0
     0 | D        | Found a shimmering blue altar of Sif Muna.
     0 | D        | Found a sacrificial altar of Ru.
     0 | D        | Found a bloodstained altar of Trog.
     0 | D        | Found a stormy altar of Qazlal.
     0 | D        | Found an iron altar of Okawaru.
     0 | D        | Found a sparkling altar of Nemelex Xobeh.
     0 | D        | Found a blossoming altar of Fedhas.
     1 | D        | Found the +6 Majin-Bo {vamp, MP+6 Int+6}
     1 | D        | Found the +9 heavy crossbow "Sniper" {vorpal, Acc+∞ SInv}
     1 | D        | Found the +10 dark maul {vorpal}
     1 | D        | Found the +15 Maxwell's patent armour {-Cast -Tele rElec
                  | MR+ rCorr}
     1 | D        | Found the +18 shield of the Gong {rElec rN+ MR+ EV-5}
     1 | D        | Found the cursed +14 obsidian axe {vorpal, +Fly SInv
                  | *Curse}
     1 | D        | Found the +7 great mace "Firestarter" {inner flame, rF++}
     1 | D        | Found the +6 shillelagh "Devastator" {shatter}
     1 | D        | Found the +11 plutonium sword {*Contam Stlth-}
     1 | D        | Found the +8 lance "Wyrmbane" {slay drac, rPois rF+ rC+
                  | AC+3}
     1 | D        | Found the +9 sword of Zonguldrok {reap}
     1 | D        | Found the cursed +13 scythe of Curses {drain, *Curse}
     1 | D        | Found the +0 sword of Power
     1 | D        | Found the +7 mace of Variability {chain chaos}
     1 | D        | Found the +7 Singing Sword {vorpal, sonic wave}
     1 | D        | Found the +8 storm bow {elec, penet}
     2 | D        | Found a transporter.
     2 | D        | Found an ancient bone altar of Kikubaaqudgha.
     2 | D        | Found a viscous altar of Jiyva.
     2 | D        | Found a corrupted altar of Lugonu.
     2 | D        | Found a hazy altar of Hepliaklqana.
     2 | D        | Found a burning altar of Makhleb.
     2 | D        | Found an opulent altar of Gozag.
    88 | D        | Became a worshipper of Hepliaklqana the Forgotten
    88 | D        | Reached * piety under Hepliaklqana
    88 | D        | Reached ** piety under Hepliaklqana
    89 | D        | Remembered your ancestor Steven as a hexer
    94 | D        | Entered arena 2.
    94 | D        | Noticed a scorpion
    94 | D        | Noticed a jumping spider
    94 | D        | Found a transporter.
    96 | D        | Killed a scorpion
    96 | D        | Reached skill level 5 in Fighting
    96 | D        | Reached skill level 6 in Long Blades
    96 | D        | Reached XP level 2. HP: 26/26 MP: 1/1
    96 | D        | Reached XP level 3. HP: 32/32 MP: 2/2
    96 | D        | Killed a jumping spider
    96 | D        | Reached skill level 10 in Long Blades
    96 | D        | Reached XP level 4. HP: 42/42 MP: 3/3
    96 | D        | Reached XP level 5. HP: 46/46 MP: 4/4
    96 | D        | Reached XP level 6. HP: 54/54 MP: 5/5
   214 | D        | Entered arena 3.
   214 | D        | Noticed a +1 vorpal dire flail
   214 | D        | Noticed a water elemental
   214 | D        | Noticed a salamander
   214 | D        | Found a transporter.
   216 | D        | Killed a +1 vorpal dire flail
   216 | D        | Reached skill level 13 in Long Blades
   216 | D        | Reached XP level 7. HP: 63/63 MP: 6/6
   216 | D        | Killed a water elemental
   216 | D        | Reached skill level 10 in Fighting
   216 | D        | Reached XP level 8. HP: 71/71 MP: 7/7
   219 | D        | Killed a salamander
   219 | D        | Reached skill level 14 in Long Blades
   219 | D        | Reached skill level 10 in Armour
   354 | D        | Entered arena 4.
   354 | D        | Noticed a rime drake
   354 | D        | Noticed a rime drake
   354 | D        | Found a transporter.
   358 | D        | Killed a rime drake
   358 | D        | Reached skill level 10 in Dodging
   359 | D        | Killed a rime drake
   362 | D        | Reached skill level 15 in Long Blades
   362 | D        | Reached XP level 9. HP: 56/80 MP: 8/8
   469 | D        | Quit the game

Illustrated notes

Levels and vault maps discovered:
D:        sprint_v [room_start, room_1, room_2, room_3, room_4, room_5, room_6,
          room_7, room_8, room_9, room_10, room_11, room_12, room_13, room_14,
          room_15, room_16, room_17, room_18, room_19, room_20, room_21,
          room_22, room_23, room_24, room_25, room_26, room_27]

Skill      XL: |  1  2  3  4  5  6  7  8 |
---------------+-------------------------+-----
Fighting       | 5 7 9 10 11 | 11.4
Long Blades    | 6 10 13 15 | 15.0
Armour         | 3 6 9 10 | 10.8
Dodging        | 4 6 9 10 | 10.5
Stealth        | |  1.5

Action                   |  1- 3 |  4- 6 |  7- 9 || total
-------------------------+-------+-------+-------++-------
Melee: Double sword      |     1 |     1 |     9 ||    11
       Headbutt          |       |       |     1 ||     1
Invok: Ancestor Life: He |     1 |       |       ||     1
       Ancestor Identity |     1 |       |       ||     1
Armor: Gold dragon scale |     1 |       |     5 ||     6
Dodge: Dodged            |       |       |     1 ||     1
Block: Kite shield       |     2 |     1 |    15 ||    18

Table legend: (Time is in decaauts)
 A = Elapsed time spent in this place.
 B = Non-inter-level travel time spent in this place.
 C = Inter-level travel time spent in this place.
 D = Time resting spent in this place.
 E = Time spent auto-exploring this place.
 F = Levels seen in this place.
 G = Mean time per level.
                   A        B        C        D        E       F      G
               +--------+--------+--------+--------+--------+-----+--------+
         Total |    466 |    466 |      0 |    344 |     21 |   1 |  466.0 |
       Dungeon |    466 |    466 |      0 |    344 |     21 |   1 |  466.0 |
               +--------+--------+--------+--------+--------+-----+--------+

Top non-repeatable levels by time:
       D: 466 daAuts
